 Dungeon Crawl Stone Soup version 0.28-a0-1616-g050a50673c (webtiles) character file.

Game seed: 3294280449027637091

2608941 HallandMoats the End of an Era (level 27, 226/226 HPs)
             Began as a Demonspawn Fighter on Jan 22, 2022.
             Was the Champion of Qazlal.
             Escaped with the Orb
             ... and 4 runes!
             The game lasted 02:32:04 (60616 turns).

HallandMoats the End of an Era (DsFi)              Turns: 60616, Time: 02:32:04

Health: 226/226    AC: 41    Str: 42    XL:     27
Magic:  45/45      EV: 20    Int:  9    God:    Qazlal [******]
Gold:   7778       SH: 23    Dex: 24    Spells: 26/26 levels left

rFire   + + +      SeeInvis +   a - +7 morningstar "Subiar" {spect, Fly Str+6 Dex-2}
rCold   + + +      Faith    .   R - +1 kite shield {reflect}
rNeg    + . .      Spirit   +   j - +12 gold dragon scales
rPois   +          Reflect  +   (helmet unavailable)
rElec   +          Harm     +   g - +0 cloak of the Arcane {Rampage *Slow rN+ SInv}
rCorr   .          Rampage  +   Z - +0 pair of fencer's gloves {Riposte Dex+3}
Will    +++..      Rnd*Tele +   T - +2 pair of boots of the Evening Star {Harm *Slow rF+ Dex+2}
Stlth   ..........              G - amulet of Koqyewyo {Spirit Fly rC+++ Dex-4 Stlth+}
HPRegen 0.47/turn               m - ring "Peiv" {MP+9 Str+2 Dex+4}
MPRegen 0.29/turn               F - ring "Zeruimn" {Contam Will+ Str+8 Dex+9}

@: flying, studying 2 skills, repel missiles
A: horns 3, thin metallic scales 3, ignite blood 3, powered by death 3,
corrupting presence 2, word of chaos, claws 1, clumsy 2, deformed body,
deterioration 1, dopey 1, fire resistance 1, low mp 1, screaming 1, teleportitis
2, wild magic 1, inability to read while threatened
0: Orb of Zot
}: 4/15 runes: serpentine, barnacled, slimy, silver
a: Word of Chaos, Renounce Religion, Upheaval, Elemental Force, Disaster Area


You escaped.
You worshipped Qazlal.
Qazlal was exalted by your worship.
You visited 13 branches of the dungeon, and saw 56 of its levels.
You also visited: Trove, Gauntlet and Volcano.

You collected 11309 gold pieces.
You spent 3531 gold pieces at shops.

Inventory:

Hand Weapons
 a - the +7 morningstar "Subiar" (weapon) {spect, Fly Str+6 Dex-2}
   (You bought it in a shop on level 2 of the Orcish Mines)

   When its wielder attacks, the weapon's spirit leaps out and strikes again.
   The spirit shares a part of any damage it takes with its wielder.
   Str:       It affects your strength (+6).
   Dex:       It affects your dexterity (-2).
   Fly:       It grants you flight.
 b - a +7 fustibalus of electrocution
Missiles
 e - 5 throwing nets (quivered)
 D - 216 sling bullets
Armour
 d - the +2 pair of boots of the Salamander {Int+5 SInv}
   (You found it in a Gauntlet)

   Int:       It affects your intelligence (+5).
   SInv:      It lets you see invisible.
 g - the +0 cloak of the Arcane (worn) {Rampage *Slow rN+ SInv}
   (You found it on level 14 of the Dungeon)

   rN:        It protects you from negative energy.
   SInv:      It lets you see invisible.
   *Slow:     It may slow you when you take damage.
   Rampage:   It bestows one free step when moving towards enemies.
 h - the +2 acid dragon scales of the Will of the Gods {rElec Regen+ rCorr}
   (You found it on level 5 of the Pits of Slime)

   rElec:     It insulates you from electricity.
   Regen:     It increases your rate of health regeneration.
   rCorr:     It protects you from acid and corrosion.
 j - +12 gold dragon scales (worn)
 R - a +1 kite shield of reflection (worn)
 T - the +2 pair of boots of the Evening Star (worn) {Harm *Slow rF+ Dex+2}
   (You found it in a treasure trove)

   Dex:       It affects your dexterity (+2).
   rF:        It protects you from fire.
   *Slow:     It may slow you when you take damage.
   Harm:      It increases damage dealt and taken.
 V - a +0 kite shield of positive energy
 W - the +1 robe of Vines {NoPotionHeal Regen++++}
   (You found it on level 2 of the Depths)

   Its wearer cannot be healed by potions.
   Regen:     It increases your rate of health regeneration.
 Z - the +0 pair of fencer's gloves (worn) {Riposte Dex+3}
   (You found it in a treasure trove)

   It allows the wearer to riposte with melee weapons, swiftly retaliating
   against missed attacks.
   Dex:       It affects your dexterity (+3).
Jewellery
 c - the ring of the Burgomaster {+Blink rElec rPois rC+ Int-4}
   (You found it on level 5 of the Pits of Slime)

   [ring of protection from cold]

   Int:       It affects your intelligence (-4).
   rC:        It protects you from cold.
   rElec:     It insulates you from electricity.
   rPois:     It protects you from poison.
   +Blink:    It lets you blink.
 m - the ring "Peiv" (left hand) {MP+9 Str+2 Dex+4}
   (You found it on level 1 of the Lair of Beasts)

   [ring of magical power]

   Str:       It affects your strength (+2).
   Dex:       It affects your dexterity (+4).
   MP:        It affects your magic capacity (+9).
 n - the ring "Teuniggu" {rC+ Stlth+}
   (You found it in a treasure trove)

   [ring of protection from cold]

   rC:        It protects you from cold.
   Stlth:     It makes you more stealthy.
 p - the ring "Ysekk" {rElec rPois rC- rCorr SInv}
   (You bought it in a shop on level 15 of the Dungeon)

   [ring of see invisible]

   rC:        It makes you vulnerable to cold.
   rElec:     It insulates you from electricity.
   rPois:     It protects you from poison.
   SInv:      It lets you see invisible.
   rCorr:     It protects you from acid and corrosion.
 r - a ring of magical power
 u - the ring "Ihuamnitt" {rF+ Will+ Str+3 Dex-5 Stlth+}
   (You bought it in a shop on level 15 of the Dungeon)

   [ring of protection from fire]

   Str:       It affects your strength (+3).
   Dex:       It affects your dexterity (-5).
   rF:        It protects you from fire.
   Will:      It increases your willpower.
   Stlth:     It makes you more stealthy.
 A - a ring of magical power
 F - the ring "Zeruimn" (right hand) {Contam Will+ Str+8 Dex+9}
   (You found it in a Gauntlet)

   [ring of willpower]

   Str:       It affects your strength (+8).
   Dex:       It affects your dexterity (+9).
   Contam:    It causes magical contamination when unequipped.
   Will:      It increases your willpower.
 G - the amulet of Koqyewyo (around neck) {Spirit Fly rC+++ Dex-4 Stlth+}
   (You found it on level 5 of the Pits of Slime)

   [amulet of guardian spirit]

   It causes incoming damage to be divided between your reserves of health and
   magic.
   Dex:       It affects your dexterity (-4).
   rC:        It renders you almost immune to cold.
   Fly:       It grants you flight.
   Stlth:     It makes you more stealthy.
 L - the ring "Ukigesmirif" {Fire rN+}
   (You found it in a treasure trove)

   [ring of fire]

   It enhances your fire magic.
   rF:        It protects you from fire.
   rC:        It makes you vulnerable to cold.
   rN:        It protects you from negative energy.
 X - the ring of Fragile Peace {Fly rF+ Int+4}
   (You found it on level 3 of the Elven Halls)

   [ring of flight]

   Int:       It affects your intelligence (+4).
   rF:        It protects you from fire.
   Fly:       It grants you flight.
 Y - the ring "Lufytic" {rElec rN+ EV+4 Slay+2}
   (You found it on level 3 of the Elven Halls)

   [ring of evasion]

   EV:        It affects your evasion (+4).
   Slay:      It affects your accuracy & damage with ranged weapons and melee
   (+2).
   rElec:     It insulates you from electricity.
   rN:        It protects you from negative energy.
Wands
 M - a wand of digging (33)
Scrolls
 f - a scroll of brand weapon
 l - 16 scrolls of amnesia
 o - 33 scrolls of teleportation
 q - 5 scrolls of fear
 t - 13 scrolls of blinking
 x - a scroll of enchant weapon
 B - 10 scrolls of fog
 K - 9 scrolls of silence
 P - 4 scrolls of summoning
 S - 7 scrolls of magic mapping
Potions
 i - 5 potions of resistance
 s - 9 potions of brilliance
 v - 14 potions of ambrosia
 w - 2 potions of magic
 z - 2 potions of berserk rage
 C - 23 potions of curing
 E - 5 potions of haste
 H - 5 potions of invisibility
 I - 6 potions of mutation
 O - 6 potions of flight
 Q - 2 potions of cancellation
Miscellaneous
 k - a phantom mirror


   Skills:
 + Level 20.7 Fighting
 + Level 18.9 Maces & Flails
 + Level 20.5 Slings
 * Level 21.0 Armour
 + Level 17.2 Dodging
 - Level 12.1 Shields
 + Level 26.3 Invocations


You had 26 spell levels left.
You didn't know any spells.
Your spell library contained the following spells:

 Spells                   Type           Power      Damage    Failure   Level
 Animate Skeleton         Necr           0%         N/A       99%         1
 Beastly Appendage        Tmut           0%         N/A       99%         1
 Foxfire                  Conj/Fire      0%         2x1d4     99%         1
 Freeze                   Ice            0%         1d3       99%         1
 Magic Dart               Conj           0%         1d3       99%         1
 Pain                     Necr           0%         1d4       99%         1
 Sandblast                Erth           0%         2d4       99%         1
 Slow                     Hex            0%         N/A       99%         1
 Blink                    Tloc           0%         N/A       100%        2
 Call Imp                 Summ           0%         N/A       100%        2
 Corpse Rot               Necr/Air       0%         N/A       100%        2
 Passwall                 Tmut/Erth      0%         N/A       100%        2
 Scorch                   Fire           0%         2d5       100%        2
 Static Discharge         Conj/Air       0%         N/A       100%        2
 Sublimation of Blood     Necr           0%         N/A       100%        2
 Wereblood                Tmut           0%         N/A       100%        2
 Confusing Touch          Hex            0%         N/A       100%        3
 Conjure Flame            Conj/Fire      0%         6-21      100%        3
 Dazzling Flash           Conj/Hex       0%         N/A       100%        3
 Frozen Ramparts          Ice            0%         1d2       100%        3
 Gell's Gravitas          Tloc           0%         N/A       100%        3
 Ignite Poison            Fire/Tmut/Pois 0%         N/A       100%        3
 Inner Flame              Hex/Fire       0%         N/A       100%        3
 Lesser Beckoning         Tloc           0%         N/A       100%        3
 Mephitic Cloud           Conj/Pois/Air  0%         N/A       100%        3
 Ozocubu's Armour         Ice            0%         N/A       100%        3
 Portal Projectile        Hex/Tloc       0%         N/A       100%        3
 Spider Form              Tmut/Pois      0%         N/A       100%        3
 Stone Arrow              Conj/Erth      0%         3d7       100%        3
 Teleport Other           Tloc           0%         N/A       100%        3
 Tukima's Dance           Hex            0%         N/A       100%        3
 Vampiric Draining        Necr           0%         2d6       100%        3
 Airstrike                Air            0%         N/A       100%        4
 Anguish                  Hex/Necr       0%         N/A       100%        4
 Animate Dead             Necr           0%         N/A       100%        4
 Cause Fear               Hex            0%         N/A       100%        4
 Dispel Undead            Necr           0%         3d6       100%        4
 Flame Wave               Conj/Fire      0%         2d4       100%        4
 Hailstorm                Conj/Ice       0%         3d3       100%        4
 Ice Form                 Ice/Tmut       0%         N/A       100%        4
 Passage of Golubria      Tloc           0%         N/A       100%        4
 Petrify                  Tmut/Erth      0%         N/A       100%        4
 Sticky Flame             Conj/Fire      0%         2d3       100%        4
 Summon Lightning Spire   Summ/Air       0%         N/A       100%        4
 Agony                    Necr           0%         N/A       100%        5
 Blade Hands              Tmut           0%         N/A       100%        5
 Borgnjor's Vile Clutch   Necr/Erth      0%         N/A       100%        5
 Excruciating Wounds      Necr           0%         N/A       100%        5
 Freezing Cloud           Conj/Ice/Air   0%         6-21      100%        5
 Irradiate                Conj/Tmut      0%         3d13      100%        5
 Iskenderun's Battlesphe  Conj           0%         2d6       100%        5
 Lightning Bolt           Conj/Air       0%         1d11      100%        5
 Manifold Assault         Tloc           0%         N/A       100%        5
 Metabolic Englaciation   Hex/Ice        0%         N/A       100%        5
 Silence                  Hex/Air        0%         N/A       100%        5
 Yara's Violent Unravell  Hex/Tmut       0%         3d3       100%        5
 Conjure Ball Lightning   Conj/Air       0%         3x3d6     100%        6
 Death Channel            Necr           0%         N/A       100%        6
 Dispersal                Tloc           0%         N/A       100%        6
 Iron Shot                Conj/Erth      0%         9d1       100%        6
 Simulacrum               Ice/Necr       0%         N/A       100%        6
 Starburst                Conj/Fire      0%         6d3       100%        6
 Statue Form              Tmut/Erth      0%         N/A       100%        6
 Summon Cactus Giant      Summ           0%         N/A       100%        6
 Dragon Form              Tmut           0%         N/A       100%        7
 Enfeeble                 Hex            0%         N/A       100%        7
 Haunt                    Necr/Summ      0%         N/A       100%        7
 Malign Gateway           Summ/Tloc      0%         N/A       100%        7
 Ozocubu's Refrigeration  Ice            0%         4d5       100%        7
 Spellforged Servitor     Conj/Summ      0%         N/A       100%        7
 Storm Form               Tmut/Air       0%         N/A       100%        7
 Discord                  Hex            0%         N/A       100%        8
 Ignition                 Fire           0%         3d3       100%        8
 Infestation              Necr           0%         N/A       100%        8
 Maxwell's Capacitive Co  Air            0%         ∞         100%        8
 Summon Horrible Things   Summ           0%         N/A       100%        8
 Chain Lightning          Conj/Air       0%         N/A       100%        9
 Dragon's Call            Summ           0%         N/A       100%        9
 Fire Storm               Conj/Fire      0%         5d1       100%        9
 Polar Vortex             Ice            0%         N/A       100%        9
 Shatter                  Erth           0%         3d5*      100%        9


Dungeon Overview and Level Annotations

Branches:
Dungeon (15/15)            Temple (1/1) D:4            Lair (6/6) D:11
 Shoals (4/4) Lair:2        Snake (4/4) Lair:4        Slime (5/5) Lair:6
    Orc (2/2) D:11            Elf (3/3) Orc:2        Vaults (5/5) D:13
  Crypt (0/3) Vaults:3     Depths (4/4) D:15           Hell (visited)
    Dis (0/7) Hell            Geh (1/7) Hell            Coc (0/7) Hell
    Tar (0/7) Hell            Zot (5/5) Depths:4    Volcano (visited)
Gauntlet (visited)

Altars:
Ashenzari
Cheibriados
Dithmenos
Elyvilon
Fedhas
Gozag
Hepliaklqana
Kikubaaqudgha
Makhleb
Nemelex Xobeh
Okawaru
Qazlal
Ru
Sif Muna
Trog
Uskayaw
Vehumet
Wu Jian
Xom
Yredelemnul
Zin
The Shining One
Beogh
Jiyva

Shops:
D:15 (==   Orc:2 *(*:[   Elf:2 (*?   Shoals:2 *   Snake:2 ::=   Snake:3 (?!*
Vaults:2 =   Vaults:3 ?((*

Portals:
Hell: Depths:1 Depths:2 Depths:3 Depths:4
Abyss: Depths:3 Depths:4
Pandemonium: Depths:2
Ziggurat: Depths:4


Innate Abilities, Weirdness & Mutations

You have a pair of large horns on your head.
You are completely covered in thin metallic scales. (AC +4, rElec)
Your demonic aura causes all spilled blood to erupt in flames.
You regenerate a lot of health from kills.
Your presence sometimes corrodes or deforms those you injure.
You can speak a Word of Chaos.
You have sharp fingernails.
You are very clumsy. (Dex -4)
Armour fits poorly on your strangely shaped body.
Your body sometimes deteriorates upon taking damage.
You are dopey. (Int -2)
Your flesh is heat resistant. (rF+)
Your magical capacity is low. (-10% MP)
You occasionally shout uncontrollably at your foes.
You are sometimes teleported next to monsters.
Your spells are a little harder to cast, but a little more powerful.
You sometimes lose the ability to read scrolls when taking damage.


Message History

Your +7 morningstar "Subiar" {spect, Fly Str+6 Dex-2} closely misses the rakshasa.
You hit the rakshasa.
Your corrupting presence corrodes the rakshasa!
Your headbutt misses the rakshasa.
The rakshasa is moderately wounded.
Your +7 morningstar "Subiar" {spect, Fly Str+6 Dex-2} hits the rakshasa.
You block the rakshasa's attack.
You barely miss the rakshasa.
The rakshasa is moderately wounded.
Your +7 morningstar "Subiar" {spect, Fly Str+6 Dex-2} completely misses the rakshasa.
You block the rakshasa's attack.
You sock the rakshasa!
The rakshasa seems to be corroded for longer.
You headbutt the rakshasa!
The rakshasa is severely wounded.
Your +7 morningstar "Subiar" {spect, Fly Str+6 Dex-2} hits the rakshasa!!
You kill the rakshasa!
Qazlal accepts your kill.
There is a staircase leading out of the dungeon here.
You start waiting.
An ice devil comes into view.
You puncture the ice devil! You headbutt the ice devil!
The ice devil is severely wounded.
Your +7 morningstar "Subiar" {spect, Fly Str+6 Dex-2} hits the ice devil!
You catch the helpless ice devil completely off-guard!
You bludgeon the ice devil!!
You kill the ice devil!
Qazlal accepts your kill.
No target in view!
A hellion comes into view.
There is a staircase leading out of the dungeon here.
A hellion is nearby!
You rampage towards the hellion!
You rampage towards the hellion!
You block the hellion's attack.
You pound the hellion like an anvil!!!
You kill the hellion!
Qazlal accepts your kill.
There is a staircase leading out of the dungeon here.
You have escaped!

#.# #..≈..# #.# #.......# #.#
#.≈.≈.###.# #####...# #.#
#.≈.≈..##.# ##.## #.#
#.≈..≈..#.# #.# #.#
###.≈...≈.#.## #.#
#.########...≈...≈....## #.#
........##.#...°.≈.≈≈..## #.#
#.#####.##.#...≈.≈.§.≈..######.#
....#...##.#..≈.@≈....≈.)......#
....#...##.#..≈.§....≈..########
....#...##.#..§§°≈☼≈≈..##
........)..#.^≈§......##
............)≈...≈.####
.#.........#.≈..≈..#
.##.#...####.≈.≈...# ....#...#
#.≈.≈...# #####...# #..≈....#


There were no monsters in sight!

Vanquished Creatures
  the Royal Jelly (Slime:5)
  A seraph (Zot:2)
  4 dread liches
  3 ancient liches
  6 orbs of fire
  2 juggernauts
  Boris (Vaults:3)
  Vashnia (Snake:4)
  2 curse toes (Zot:5)
  5 Killer Klowns
  Saint Roka (Orc:2)
  12 golden dragons
  Geryon (Hell)
  Nikola (Elf:3)
  A bone dragon (Zot:4)
  A Tzitzimitl (D:10)
  5 electric golems
  13 tentacled monstrosities
  Jorgrun (Elf:1)
  Mlioglotl (Shoals:1)
  A tainted leviathan (Hell)
  4 quicksilver dragons
  Asterion (Depths:1)
  A walking earthen tome (Depths:3)
  31 Orb Guardians
  A lich (Depths:4)
  8 titans (Vaults:5)
  4 searing wretches (Hell)
  5 deep elf blademasters
  29 acid blobs
  5 pandemonium lords
  3 sphinxes
  9 death cobs
  A deep elf master archer (Elf:3)
  The ghost of Rugruoje the Whirler, an adept HaHu of Okawaru (Depths:2)
  2 Executioners
  16 shadow dragons
  Kirke (Lair:6)
  23 storm dragons
  7 draconian monks
  5 tengu reavers
  Donald (Elf:2)
  Ilsuiw (Shoals:2)
  19 rockslimes
  4 draconian knights
  7 nagarajas (Snake:4)
  9 azure jellies
  A demonspawn warmonger (D:10)
  8 fire giants
  5 deep elf sorcerers
  6 frost giants
  Louise (Shoals:2)
  3 ghost moths
  4 draconian scorchers
  6 iron dragons
  Aizul (Snake:2)
  4 deep elf elementalists (Elf:3)
  16 vault wardens
  3 balrugs
  A cacodemon (Hell)
  24 very ugly things
  3 draconian shifters
  A demonspawn corrupter (Zot:2)
  6 draconian stormcallers
  3 angels
  2 spriggan defenders (Depths:2)
  6 draconian annihilators
  The ghost of Waedd the Thaumaturge, a journeyman OpVM of Hepliaklqana (Depths:1)
  3 reapers
  21 stone giants
  A demonspawn blood saint (D:10)
  6 war gargoyles
  15 quicksilver oozes
  5 vampire knights
  18 ironbound preservers
  2 black draconians
  8 ironbound thunderhulks
  14 deep elf demonologists
  12 deep elf annihilators
  A lorocyproca (Depths:2)
  3 dire elephants (Vaults:4)
  2 demonspawn black suns (Depths:1)
  A minotaur (Gauntlet)
  10 purple draconians
  11 green draconians
  9 red draconians
  13 yellow draconians
  A wendigo (Hell)
  8 white draconians
  An entropy weaver (Vaults:1)
  2 putrid mouths (Hell)
  A green death (Depths:1)
  A blizzard demon (Depths:3)
  6 ettins
  A jiangshi (Vaults:3)
  9 deep elf death magi
  7 merfolk impalers
  A crystal guardian (Vaults:3)
  8 merfolk javelineers
  13 yaktaur captains
  8 fire dragons
  30 vault guards
  21 great orbs of eyes
  The ghost of knot the Severer, a journeyman DsBe of Trog (Lair:1)
  12 deep elf high priests
  11 naga warriors
  4 hell beasts
  11 ice dragons
  2 peacekeepers
  A salamander tyrant (Snake:4)
  2 caustic shrike simulacra (Hell)
  Fannar (Lair:1)
  7 boulder beetles
  6 rakshasas
  A juggernaut simulacrum (Hell)
  2 death knights
  3 ogre magi
  8 ironbound frosthearts
  2 alligator snapping turtles
  2 merfolk avatars
  10 hydras
  4 merfolk aquamancers
  A stoker (Hell)
  3 anacondas
  An anaconda (shapeshifter) (Vaults:1)
  33 dancing weapons
  6 spriggan air magi
  16 two-headed ogres
  A catoblepas (Lair:2)
  4 deep troll earth magi
  8 centaur warriors
  17 tengu warriors
  7 death yaks
  17 hell hogs
  A satyr (Shoals:2)
  9 deep troll shamans
  A thrashing horror (Gauntlet)
  Urug (Orc:2)
  An orc high priest (Orc:2)
  16 hell knights
  15 naga sharpshooters
  3 vampire magi
  5 shock serpents
  11 spriggan berserkers
  9 soul eaters
  15 sun demons
  25 deep elf knights
  Nergalle (Orc:2)
  A fire crab (shapeshifter) (Elf:2)
  17 skeletal warriors
  2 salamander mystics
  3 fire crabs
  12 iron trolls
  7 sea snakes
  4 shadow wraiths
  4 sixfirhies
  5 flayed ghosts
  2 quicksilver dragon simulacra (Depths:3)
  3 shadow demons
  An obsidian statue (Zot:5)
  48 deep trolls
  15 ironbound convokers
  2 glowing orange brains
  A spark wasp zombie (Depths:2)
  7 naga ritualists
  4 phantasmal warriors
  4 necromancers
  An iron dragon zombie (Depths:2)
  Pikel (D:7)
  14 deep elf archers
  12 lindwurms
  15 wizards
  5 orc knights
  4 harpies (Shoals:1)
  32 deep elf zephyrmancers
  A lindwurm (shapeshifter) (Vaults:5)
  9 mana vipers
  5 shining eyes
  35 deep elf pyromancers
  3 orc sorcerers
  A mana viper (shapeshifter) (Vaults:5)
  22 moths of wrath
  12 manticores
  7 cyclopes
  43 ugly things
  A frost giant skeleton (Depths:2)
  13 fauns
  9 salamanders
  An iron dragon skeleton (Depths:2)
  6 elephants
  12 naga magi
  An ice statue (Depths:3)
  5 toenail golems (Volcano)
  10 merfolk sirens
  A guardian serpent (shapeshifter) (Depths:3)
  3 guardian serpents
  7 rust devils
  25 vault sentinels
  10 cane toads
  A molten gargoyle (Gauntlet)
  An orange demon (Hell)
  14 water nymphs
  8 eyes of devastation
  36 black mambas
  3 smoke demons
  A gargoyle (Gauntlet)
  4 freezing wraiths
  2 hellions
  6 tengu conjurers
  2 hellwings
  A kobold demonologist (D:10)
  3 tormentors
  5 rime drakes
  5 ice devils
  15 komodo dragons
  A troll (shapeshifter) (D:14)
  A queen bee (Lair:2)
  40 yaktaurs
  23 merfolk
  4 trolls
  12 wind drakes
  Prince Ribbit (D:5)
  3 meliai (D:15)
  9 polar bears (Lair:6)
  Grinder (D:3)
  10 hornets
  9 blink frogs
  A raiju (shapeshifter) (Vaults:5)
  9 dream sheep
  A raiju (Lair:6)
  10 snapping turtles
  A slime creature (shapeshifter) (Vaults:5)
  123 slime creatures
  A stone giant simulacrum (Hell)
  A flying skull (Vaults:3)
  4 spriggans
  8 air elementals
  A culicivora (shapeshifter) (Vaults:5)
  A naga simulacrum (Hell)
  A shadow (D:10)
  Sigmund (D:5)
  3 ynoxinuls
  2 wraiths
  A human (Lair:6)
  69 yaks
  A basilisk (shapeshifter) (D:14)
  2 large abominations
  2 wyverns
  5 basilisks
  4 fire elementals
  25 water elementals
  An alligator snapping turtle simulacrum (Hell)
  6 golden eyes (D:10)
  4 hogs (Lair:6)
  A redback (Vaults:1)
  4 steam dragons
  8 vampire mosquitoes
  A chaos spawn (Depths:1)
  A neqoxec (Depths:2)
  13 wargs
  12 water moccasins
  51 nagas
  19 hell hounds
  5 floating eyes
  21 orc warriors
  A hydra simulacrum (Hell)
  An ice beast (D:7)
  5 acid dragons
  15 black bears
  2 ettin simulacra (Depths:3)
  A sky beast (D:6)
  A necrophage (D:5)
  6 ogres
  A boggart (Elf:1)
  32 wolves
  4 centaurs
  4 lemures (D:7)
  4 kobold brigands
  An earth elemental (Elf:3)
  10 bullfrogs
  3 small abominations (Gauntlet)
  3 scorpions
  A wyvern zombie (D:8)
  14 wights
  19 killer bees (Lair:2)
  4 electric eels (D:15)
  4 centaur zombies
  12 howler monkeys
  7 jellies
  6 hounds
  2 gnoll shamans
  11 orc priests
  5 iguanas
  Jessica (D:2)
  Terence (D:2)
  22 orc wizards
  A killer bee zombie (D:9)
  3 hound skeletons
  A howler monkey zombie (D:9)
  Robin (D:2)
  6 adders
  7 gnolls
  2 worms (D:2)
  2 dart slugs (D:1)
  51 orcs
  10 ball pythons
  6 bats
  6 endoplasms
  6 giant cockroaches
  12 goblins
  9 hobgoblins
  3 jackals (D:5)
  2 quokkas
  A frilled lizard (D:2)
  17 kobolds
  A quokka skeleton (D:4)
  8 rats
  8 fire vortices
2436 creatures vanquished.

Vanquished Creatures (collateral kills)
  An electric golem (Zot:5)
  2 searing wretches (Hell)
  3 acid blobs (Slime:5)
  A storm dragon (Depths:3)
  A shadow dragon (Depths:3)
  An azure jelly (Slime:5)
  A stone giant (Vaults:5)
  4 quicksilver oozes (Slime:5)
  3 putrid mouths (Hell)
  A naga warrior (Snake:2)
  A death knight (D:13)
  3 hell knights (Hell)
  A soul eater (Depths:3)
  A shadow wraith (Depths:3)
  A naga mage (Snake:2)
  A rust devil (Hell)
  2 komodo dragons (D:11)
  A freezing wraith (D:12)
  A dire elephant simulacrum (Hell)
  A yak (D:11)
  A vampire (D:12)
  A water moccasin (D:11)
  A scorpion (D:11)
34 creatures vanquished.

Vanquished Creatures (others)
  An ironbound preserver (Vaults:5)
  An elemental wellspring (Hell)
  3 vault guards (Vaults:5)
  An ogre mage (Vaults:5)
  A deep elf knight (Elf:2)
  A sixfirhy (Hell)
  A wizard (Vaults:1)
  A rust devil (Hell)
  A bunyip simulacrum (Hell)
  A wyvern (Lair:2)
  A dire elephant simulacrum (Hell)
  A naga (Snake:3)
  A water moccasin (Lair:6)
  3 ettin simulacra (Depths:3)
  An orc priest (D:8)
  A creeping inferno (Hell)
  5 fire vortices (Hell)
  49 fungi
  81 plants
155 creatures vanquished.

Grand Total: 2625 creatures vanquished

Notes
Turn   | Place    | Note
-------+----------+-------------------------------------------
     0 | D:1      | HallandMoats the Demonspawn Fighter began the quest for the
                  | Orb.
     0 | D:1      | Reached XP level 1. HP: 18/18 MP: 1/1
   284 | D:1      | Gained mutation: You have a pair of small horns on your
                  | head. [demonic ancestry]
   284 | D:1      | Reached XP level 2. HP: 24/24 MP: 2/2
   327 | D:1      | Reached skill level 1 in Invocations
  1035 | D:2      | Gained mutation: You have a pair of horns on your head.
                  | [demonic ancestry]
  1035 | D:2      | Reached XP level 3. HP: 29/29 MP: 4/4
  1056 | D:2      | Noticed Jessica
  1069 | D:2      | Killed Jessica
  1181 | D:2      | Noticed Terence
  1192 | D:2      | Killed Terence
  1193 | D:2      | Reached skill level 1 in Slings
  1193 | D:2      | Reached skill level 1 in Dodging
  1193 | D:2      | Reached skill level 2 in Invocations
  1193 | D:2      | Gained mutation: You are partially covered in thin metallic
                  | scales. (AC +2) [demonic ancestry]
  1193 | D:2      | Reached XP level 4. HP: 32/36 MP: 5/5
  1428 | D:2      | Noticed Robin
  1442 | D:2      | Killed Robin
  1659 | D:2      | Reached XP level 5. HP: 37/42 MP: 6/6
  2068 | D:3      | Found a sacrificial altar of Ru.
  2075 | D:3      | Found a snail-covered altar of Cheibriados.
  2349 | D:3      | Noticed Grinder
  2349 | D:3      | Paralysed by Grinder for 3 turns
  2357 | D:3      | Paralysed by Grinder for 2 turns
  2364 | D:3      | Killed Grinder
  2365 | D:3      | Reached skill level 3 in Invocations
  2365 | D:3      | Gained mutation: You regenerate a little health from kills.
                  | [demonic ancestry]
  2365 | D:3      | Reached XP level 6. HP: 47/48 MP: 8/8
  2552 | D:3      | Found a faded altar of an unknown god.
  2630 | D:3      | Found a burning altar of Makhleb.
  2632 | D:3      | Noticed a blizzard demon
  2636 | D:3      | Noticed a ynoxinul
  2636 | D:3      | Noticed a smoke demon
  2786 | D:4      | Reached skill level 4 in Invocations
  2881 | D:4      | Gained mutation: You have a pair of large horns on your
                  | head. [demonic ancestry]
  2881 | D:4      | Reached XP level 7. HP: 55/55 MP: 10/10
  3132 | D:4      | Noticed a yak
  3132 | D:4      | Noticed a yak
  3132 | D:4      | Noticed a yak
  3151 | D:3      | Killed a yak
  3198 | D:3      | Killed a yak
  3199 | D:3      | Reached skill level 5 in Fighting
  3199 | D:3      | Reached skill level 5 in Invocations
  3214 | D:4      | Killed a yak
  3215 | D:4      | Gained mutation: Your demonic aura sometimes causes spilled
                  | blood to erupt in flames. [demonic ancestry]
  3215 | D:4      | Reached XP level 8. HP: 47/62 MP: 11/11
  3520 | D:4      | Found a staircase to the Ecumenical Temple.
  3530 | Temple   | Entered the Ecumenical Temple
  3626 | Temple   | Became a worshipper of Qazlal Stormbringer
  3707 | D:5      | Entered Level 5 of the Dungeon
  3733 | D:5      | Noticed Prince Ribbit
  3759 | D:5      | Killed Prince Ribbit
  4022 | D:5      | Reached skill level 6 in Invocations
  4417 | D:5      | Reached * piety under Qazlal
  4500 | D:5      | Noticed Sigmund
  4506 | D:5      | Found a blossoming altar of Fedhas.
  4510 | D:5      | Killed Sigmund
  4800 | D:5      | Found a bloodstained altar of Trog.
  4907 | D:6      | Gained mutation: You are mostly covered in thin metallic
                  | scales. (AC +3) [demonic ancestry]
  4907 | D:6      | Reached XP level 9. HP: 69/69 MP: 13/13
  5022 | D:6      | Identified the +1 robe of Noughts and Crosses {rF- rCorr
                  | Int+3 Dex+2}
  5086 | D:6      | Found an opulent altar of Gozag.
  5325 | D:6      | Reached skill level 7 in Invocations
  5755 | D:7      | Reached skill level 5 in Slings
  5833 | D:7      | Found a shadowy altar of Dithmenos.
  5847 | D:7      | Identified the +0 chain mail of Impatience {Str+4 Dex-3}
  6147 | D:7      | Noticed Pikel
  6156 | D:7      | Killed Pikel
  6157 | D:7      | Reached skill level 5 in Maces & Flails
  6441 | D:8      | Identified a scroll of acquirement
  6442 | D:8      | Acquired a +4 fustibalus of freezing
  6480 | D:8      | Reached ** piety under Qazlal
  6497 | D:8      | Found a hide-covered altar of Uskayaw.
  6585 | D:8      | Reached skill level 8 in Invocations
  6589 | D:8      | Gained mutation: You are completely covered in thin
                  | metallic scales. (AC +4, rElec) [demonic ancestry]
  6589 | D:8      | Reached XP level 10. HP: 69/79 MP: 14/16
  6694 | D:8      | Reached skill level 5 in Armour
  7165 | D:8      | Found a hazy altar of Hepliaklqana.
  7225 | D:8      | Found a shimmering altar of Xom.
  7225 | D:8      | Found a stormy altar of Qazlal.
  7229 | D:8      | Found a blossoming altar of Fedhas.
  7229 | D:8      | Found a shimmering altar of Xom.
  7530 | D:9      | Reached *** piety under Qazlal
  7577 | D:9      | Reached skill level 9 in Invocations
  7683 | D:9      | Noticed a two-headed ogre
  7687 | D:9      | Killed a two-headed ogre
  8007 | D:10     | Entered Level 10 of the Dungeon
  8029 | D:10     | Found an ornate altar of the Wu Jian Council.
  8089 | D:10     | Gained mutation: Your presence sometimes corrodes those you
                  | injure. [demonic ancestry]
  8089 | D:10     | Reached XP level 11. HP: 86/86 MP: 18/18
  8106 | D:10     | Reached skill level 10 in Invocations
  8286 | D:10     | Found a portal to a secret trove of treasure.
  8507 | D:10     | Reached skill level 5 in Dodging
  8679 | D:10     | Noticed a two-headed ogre
  8685 | D:10     | Killed a two-headed ogre
  8734 | D:10     | Noticed a centaur warrior
  8742 | D:10     | Killed a centaur warrior
  9240 | D:11     | Reached **** piety under Qazlal
  9254 | D:11     | Reached skill level 11 in Invocations
  9263 | D:11     | Found a staircase to the Lair.
  9351 | D:11     | Noticed a two-headed ogre
  9358 | D:11     | Killed a two-headed ogre
  9364 | D:11     | Noticed a two-headed ogre
  9369 | D:11     | Killed a two-headed ogre
  9490 | D:11     | Noticed a two-headed ogre
  9497 | D:11     | Killed a two-headed ogre
  9712 | D:11     | Found a staircase to the Orcish Mines.
  9941 | D:12     | Noticed a two-headed ogre
  9960 | D:12     | Killed a two-headed ogre
  9961 | D:12     | Reached XP level 12. HP: 81/94 MP: 20/20
 10065 | D:12     | Noticed a seven-headed hydra
 10071 | D:12     | Killed a seven-headed hydra
 10072 | D:12     | Reached skill level 12 in Invocations
 10084 | D:12     | Noticed a two-headed ogre
 10090 | D:12     | Killed a two-headed ogre
 10553 | D:12     | Noticed a two-headed ogre
 10561 | D:12     | Killed a two-headed ogre
 10689 | D:12     | Identified the +6 arbalest of Truncation {penet, rElec rN+
                  | Stlth+}
 11104 | D:13     | Noticed a centaur warrior
 11117 | D:13     | Killed a centaur warrior
 11144 | D:13     | Noticed a boulder beetle
 11171 | D:13     | Killed a boulder beetle
 11174 | D:13     | Noticed a two-headed ogre
 11180 | D:13     | Killed a two-headed ogre
 11184 | D:13     | Reached skill level 13 in Invocations
 11188 | D:13     | Noticed a death knight
 11653 | D:13     | Killed a death knight
 11727 | D:13     | Noticed a six-headed hydra
 11727 | D:13     | Noticed a boulder beetle
 11847 | D:13     | Killed a boulder beetle
 11893 | D:13     | Noticed an ironbound preserver
 11897 | D:13     | Killed a six-headed hydra
 11903 | D:13     | Killed an ironbound preserver
 11904 | D:13     | Gained mutation: Your presence sometimes corrodes or
                  | deforms those you injure. [demonic ancestry]
 11904 | D:13     | Reached XP level 13. HP: 51/101 MP: 23/23
 11964 | D:13     | Found a gate to the Vaults.
 12419 | D:13     | Reached skill level 10 in Slings
 12432 | D:13     | Reached skill level 14 in Invocations
 13294 | D:14     | You fall into a shaft and drop 1 floor!
 13294 | D:15     | Entered Level 15 of the Dungeon
 13323 | D:15     | Reached skill level 10 in Fighting
 13331 | D:15     | Found Ukonk's Weapon Shop.
 13340 | D:15     | Found Idetae's Jewellery Emporium.
 13365 | D:15     | Found Fuocokk's Jewellery Emporium.
 13365 | D:15     | Found Fog Moeto's Jewellery Shop.
 13367 | D:15     | Found a gate leading to a gauntlet.
 13377 | Gauntlet | Entered a Gauntlet
 13377 | Gauntlet | Found a transporter.
 13432 | Gauntlet | Found a transporter.
 13433 | Gauntlet | Found a transporter.
 13437 | Gauntlet | Found a transporter.
 13441 | Gauntlet | Found a transporter.
 13444 | Gauntlet | Found a transporter.
 13445 | Gauntlet | Found a transporter.
 13456 | Gauntlet | Found a transporter.
 13457 | Gauntlet | Found a transporter.
 13457 | Gauntlet | Found a transporter.
 13465 | Gauntlet | Found a transporter.
 13468 | Gauntlet | Found a transporter.
 13469 | Gauntlet | Found a transporter.
 13478 | Gauntlet | Found a transporter.
 13684 | Gauntlet | Gained mutation: Your movements are slightly less
                  | encumbered by armour. (ER -2) [a shining eye]
 13686 | Gauntlet | Gained mutation: You are frail. (-10% HP) [a shining eye]
 13689 | Gauntlet | Paralysed by a floating eye for 3 turns
 13721 | Gauntlet | Identified the ring "Zeruimn" {Contam Will+ Str+8 Dex+9}
 13771 | Gauntlet | Identified the +2 pair of boots of the Salamander {Int+5
                  | SInv}
 13826 | Gauntlet | Noticed a minotaur
 13836 | Gauntlet | Killed a minotaur
 13848 | Gauntlet | Identified the +2 ring mail "Qixt" {rPois}
 14239 | D:14     | Reached skill level 15 in Invocations
 14525 | D:14     | Identified the +0 cloak of the Arcane {Rampage *Slow rN+
                  | SInv}
 14578 | D:15     | Gained mutation: Your demonic aura often causes spilled
                  | blood to erupt in flames. [demonic ancestry]
 14578 | D:15     | Reached XP level 14. HP: 75/99 MP: 25/25
 14634 | D:15     | Reached ***** piety under Qazlal
 15300 | D:15     | Noticed a stone giant
 15316 | D:15     | Killed a stone giant
 15362 | D:15     | Found a staircase to the Depths.
 16193 | Lair:1   | Entered Level 1 of the Lair of Beasts
 16223 | Lair:1   | Noticed Fannar
 16232 | Lair:1   | Killed Fannar
 16268 | Lair:1   | Found a dark tunnel.
 16274 | Volcano  | Entered a volcano
 16285 | Volcano  | Reached skill level 16 in Invocations
 16823 | Lair:1   | Noticed knot's ghost (journeyman DsBe)
 16829 | Lair:1   | Found a runed translucent gate.
 16830 | Lair:1   | Found a runed translucent gate.
 17224 | Lair:1   | Found a runed translucent gate.
 17489 | Lair:1   | Killed knot's ghost
 17505 | Lair:1   | Identified the ring "Peiv" {MP+9 Str+2 Dex+4}
 18019 | Lair:2   | Gained mutation: You regenerate health from kills. [demonic
                  | ancestry]
 18019 | Lair:2   | Reached XP level 15. HP: 106/106 MP: 27/27
 18034 | Lair:2   | Found a staircase to the Shoals.
 19292 | Lair:3   | Reached skill level 17 in Invocations
 19656 | Lair:4   | Reached ****** piety under Qazlal
 20070 | Lair:4   | Found a staircase to the Snake Pit.
 20457 | Lair:4   | Lost mutation: Your movements are slightly less encumbered
                  | by armour. (ER -2) [potion of mutation]
 20457 | Lair:4   | Lost mutation: You are frail. (-10% HP) [potion of
                  | mutation]
 20457 | Lair:4   | Gained mutation: Your magical capacity is low. (-10% MP)
                  | [potion of mutation]
 20457 | Lair:4   | Gained mutation: Your mind is acute. (Int +2) [potion of
                  | mutation]
 20457 | Lair:4   | Lost mutation: Your mind is acute. (Int +2) [potion of
                  | mutation]
 20458 | Lair:4   | Lost mutation: Your magical capacity is low. (-10% MP)
                  | [potion of mutation]
 20458 | Lair:4   | Gained mutation: You sometimes lose the ability to read
                  | scrolls when taking damage. [potion of mutation]
 20458 | Lair:4   | Gained mutation: You passively map a small area around you.
                  | [potion of mutation]
 20459 | Lair:4   | Lost mutation: You sometimes lose the ability to read
                  | scrolls when taking damage. [potion of mutation]
 20459 | Lair:4   | Lost mutation: You passively map a small area around you.
                  | [potion of mutation]
 20459 | Lair:4   | Gained mutation: Your spells are a little harder to cast,
                  | but a little more powerful. [potion of mutation]
 20459 | Lair:4   | Gained mutation: You have sharp fingernails. [potion of
                  | mutation]
 20459 | Lair:4   | Gained mutation: Your flesh is heat resistant. (rF+)
                  | [potion of mutation]
 21176 | Lair:6   | Entered Level 6 of the Lair of Beasts
 21213 | Lair:6   | Reached skill level 10 in Maces & Flails
 21436 | Lair:6   | Noticed Kirke
 21450 | Lair:6   | Killed Kirke
 21611 | Lair:6   | Reached skill level 18 in Invocations
 22037 | Lair:6   | Found a staircase to the Slime Pits.
 22566 | Orc:1    | Entered Level 1 of the Orcish Mines
 22568 | Orc:1    | Reached XP level 16. HP: 127/127 MP: 29/29
 22730 | Orc:2    | Entered Level 2 of the Orcish Mines
 22807 | Orc:2    | Noticed Urug
 22824 | Orc:2    | Killed Urug
 22844 | Orc:2    | Noticed Nergalle
 22849 | Orc:2    | Killed Nergalle
 22867 | Orc:2    | Reached skill level 10 in Armour
 22887 | Orc:2    | Noticed Saint Roka
 22903 | Orc:2    | Killed Saint Roka
 22929 | Orc:2    | Found Zeos's Antique Weapon Shoppe.
 22935 | Orc:2    | Found Puuluawi's General Store.
 23009 | Orc:2    | Found Buklalou's Book Shoppe.
 23041 | Orc:2    | Found Ymaut's Antique Armour Shoppe.
 23242 | Orc:2    | Found Seyl's Gadget Gallery.
 23436 | Orc:2    | Found a staircase to the Elven Halls.
 23541 | Orc:2    | Bought a jewelled chain mail for 332 gold pieces
 23541 | Orc:2    | Identified the +1 chain mail of the Maze {Rampage rElec
                  | Will+ Int-5} (You bought it in a shop on level 2 of the
                  | Orcish Mines)
 23558 | Orc:2    | Bought an ivory morningstar for 234 gold pieces
 23558 | Orc:2    | Identified the +7 morningstar "Subiar" {spect, Fly Str+6
                  | Dex-2} (You bought it in a shop on level 2 of the Orcish
                  | Mines)
 23574 | Orc:2    | Bought a glowing tower shield for 262 gold pieces
 23838 | Shoals:1 | Entered Level 1 of the Shoals
 23872 | Shoals:1 | Noticed Mlioglotl
 23895 | Shoals:1 | Killed Mlioglotl
 24162 | Shoals:1 | Reached skill level 5 in Shields
 24539 | Shoals:2 | Reached skill level 10 in Dodging
 24539 | Shoals:2 | Reached XP level 17. HP: 133/133 MP: 30/30
 24587 | Shoals:2 | Reached skill level 19 in Invocations
 24730 | Shoals:2 | Noticed Louise
 24744 | Shoals:2 | Killed Louise
 24766 | Shoals:2 | Noticed Ilsuiw
 24805 | Shoals:2 | Killed Ilsuiw
 25016 | Shoals:2 | Found Keoptiom's Mayhem Merchandise.
 26550 | Shoals:4 | Entered Level 4 of the Shoals
 26574 | Shoals:4 | Paralysed by an air elemental for 1 turns
 26789 | Shoals:4 | Paralysed by an air elemental for 1 turns
 26873 | Shoals:4 | Paralysed by an air elemental for 1 turns
 26901 | Shoals:4 | Identified the +1 leather armour "Durphowae" {rPois Stlth+}
 26920 | Shoals:4 | Gained mutation: You can speak a Word of Chaos. [demonic
                  | ancestry]
 26920 | Shoals:4 | Reached XP level 18. HP: 142/142 MP: 31/31
 27347 | Shoals:4 | Got a barnacled rune of Zot
 27652 | Snake:1  | Entered Level 1 of the Snake Pit
 28597 | Snake:2  | Noticed Aizul
 28612 | Snake:2  | Killed Aizul
 28836 | Snake:2  | You fall into a shaft and drop 1 floor!
 28949 | Snake:2  | Found Inwaerch's Jewellery Emporium.
 28949 | Snake:2  | Found Reatuv's Book Shop.
 28950 | Snake:2  | Found Looxustra's Book Shop.
 29616 | Snake:3  | Found Etaust's Magic Scroll Emporium.
 30011 | Snake:3  | Found Gyhann Xeiv's Distillery.
 30015 | Snake:3  | Found Plog's General Store.
 30015 | Snake:3  | Found Cugroboa's Weapon Emporium.
 30023 | Snake:3  | Bought a scroll of enchant armour for 75 gold pieces
 30026 | Snake:3  | Bought a scroll of enchant armour for 120 gold pieces
 30026 | Snake:3  | Bought a scroll of enchant armour for 120 gold pieces
 30026 | Snake:3  | Bought a scroll of enchant weapon for 120 gold pieces
 30370 | Snake:4  | Entered Level 4 of the Snake Pit
 30782 | Snake:4  | Reached skill level 15 in Slings
 30802 | Snake:4  | Noticed Vashnia
 30818 | Snake:4  | Identified the +10 arbalest of Otuakae {freeze, *Slow rElec
                  | rPois}
 30821 | Snake:4  | Reached XP level 19. HP: 147/150 MP: 28/32
 30853 | Snake:4  | Killed Vashnia
 30865 | Snake:4  | Reached skill level 20 in Invocations
 31076 | Snake:4  | Got a serpentine rune of Zot
 31908 | Vaults:1 | Entered Level 1 of the Vaults
 32355 | Vaults:1 | You fall into a shaft and drop 1 floor!
 32983 | Vaults:1 | Identified the +1 scale mail "Oclaicw" {Str+4 Int-3}
 33543 | Vaults:2 | Reached skill level 10 in Shields
 33768 | Vaults:2 | Found Bedill's Jewellery Shoppe.
 34622 | Vaults:3 | Found Kosugot's Antique Weapon Shop.
 34658 | Vaults:3 | Reached XP level 20. HP: 160/160 MP: 34/34
 34964 | Vaults:3 | Found Yschomia's General Store.
 35197 | Vaults:3 | Found Ruvvojur's Weapon Emporium.
 35229 | Vaults:3 | Found a staircase to the Crypt.
 35335 | Vaults:3 | Found Jaxeucunk's Magic Scroll Boutique.
 35340 | Vaults:3 | Bought a scroll of enchant armour for 135 gold pieces
 35340 | Vaults:3 | Bought a scroll of brand weapon for 360 gold pieces
 35426 | Vaults:3 | Noticed Boris
 35450 | Vaults:3 | Killed Boris
 35776 | Vaults:3 | Reached skill level 15 in Fighting
 36322 | Depths:1 | Entered Level 1 of the Depths
 36452 | Depths:1 | Found a runed translucent door.
 36452 | Depths:1 | Noticed Waedd's ghost (journeyman OpVM)
 36620 | Depths:1 | Noticed a juggernaut
 36633 | Depths:1 | Killed a juggernaut
 36754 | Depths:1 | Found a gateway to Hell.
 37001 | Depths:1 | Noticed Asterion
 37013 | Depths:1 | Killed Asterion
 37027 | Depths:1 | Gained mutation: Your demonic aura causes all spilled blood
                  | to erupt in flames. [demonic ancestry]
 37027 | Depths:1 | Reached XP level 21. HP: 91/169 MP: 35/35
 37163 | Depths:1 | Reached skill level 21 in Invocations
 37751 | Depths:1 | Killed Waedd's ghost
 37820 | Depths:2 | Noticed a dread lich
 37828 | Depths:2 | Killed a dread lich
 37922 | Depths:2 | Got Bumorgh's Incunabulum of Black Secrets
 38311 | Depths:2 | Found the +1 robe of Vines {NoPotionHeal Regen++++}
 38312 | Depths:2 | Noticed Rugruoje's ghost (adept HaHu)
 38318 | Depths:2 | Found a runed translucent door.
 38516 | Depths:2 | Found a one-way gate leading to the halls of Pandemonium.
 38560 | Depths:2 | Killed Rugruoje's ghost
 38687 | Depths:3 | Found a sacrificial altar of Ru.
 38803 | Depths:3 | Noticed a golden dragon
 38812 | Depths:3 | Killed a golden dragon
 38983 | Depths:3 | Reached XP level 22. HP: 150/180 MP: 36/36
 39017 | Depths:3 | Noticed a golden dragon
 39030 | Depths:3 | Killed a golden dragon
 39062 | Depths:3 | Reached skill level 15 in Maces & Flails
 39163 | Depths:3 | Paralysed by a floating eye for 4 turns
 39451 | Depths:3 | Found an ancient bone altar of Kikubaaqudgha.
 39597 | Depths:3 | Found a shimmering blue altar of Sif Muna.
 39598 | Depths:3 | Found a one-way gate to the infinite horrors of the Abyss.
 39650 | Depths:3 | You fall into a shaft and drop 1 floor!
 39650 | Depths:4 | Entered Level 4 of the Depths
 39925 | Depths:4 | Found a one-way gateway to a ziggurat.
 39926 | Depths:4 | Paralysed by a floating eye for 3 turns
 39935 | Depths:4 | Paralysed by a floating eye for 4 turns
 39948 | Depths:4 | Got the Handbook of Dislocation and Heat
 40038 | Depths:4 | Noticed a golden dragon
 40042 | Depths:4 | Killed a golden dragon
 40058 | Depths:4 | Found a gate to the Realm of Zot.
 40082 | Depths:4 | Reached skill level 22 in Invocations
 40182 | Depths:4 | Noticed a golden dragon
 40187 | Depths:4 | Killed a golden dragon
 40572 | Depths:4 | Acquired 1048 gold pieces
 40631 | Hell     | Entered the Vestibule of Hell
 40631 | Hell     | Noticed Geryon
 40645 | Hell     | Killed Geryon
 40699 | Hell     | Paralysed by a wendigo for 1 turns
 40822 | Hell     | Found a gateway to the decaying netherworld of Tartarus.
 40890 | Hell     | Found a gateway to the freezing wastes of Cocytus.
 41014 | Hell     | Found a gateway to the Iron City of Dis.
 41167 | Hell     | Found a gateway to the ashen valley of Gehenna.
 41588 | Vaults:4 | Reached XP level 23. HP: 186/188 MP: 38/38
 42542 | Vaults:4 | Reached skill level 15 in Armour
 42542 | Vaults:4 | Reached XP level 24. HP: 195/195 MP: 38/38
 43205 | Vaults:5 | Entered Level 5 of the Vaults
 43243 | Vaults:5 | Noticed an ancient lich
 43249 | Vaults:5 | Killed an ancient lich
 43297 | Vaults:5 | Reached skill level 23 in Invocations
 43490 | Vaults:5 | Identified the +2 ring mail "Ritwan" {Will+}
 43823 | Vaults:5 | Gained mutation: You regenerate a lot of health from kills.
                  | [demonic ancestry]
 43823 | Vaults:5 | Reached XP level 25. HP: 204/204 MP: 38/38
 43831 | Vaults:5 | Got a silver rune of Zot
 43851 | Vaults:5 | Noticed a dread lich
 43857 | Vaults:5 | Killed a dread lich
 44230 | Vaults:5 | Identified the +1 robe of the Northern Lights {Contam rF+
                  | rC+ Str+2}
 44583 | Elf:1    | Entered Level 1 of the Elven Halls
 44755 | Elf:1    | Noticed Jorgrun
 44760 | Elf:1    | Killed Jorgrun
 44892 | Elf:1    | Paralysed by an air elemental for 1 turns
 45549 | Elf:1    | Identified the +1 ring mail of the Wilderness {Rampage
                  | rC++}
 45831 | Elf:2    | Found Juto's Weapon Boutique.
 45834 | Elf:2    | Found Vyleiz's Assorted Antiques.
 45836 | Elf:2    | Found Sis Qyon's Magic Scroll Boutique.
 45842 | Elf:2    | Bought 3 scrolls of magic mapping for 367 gold pieces
 45842 | Elf:2    | Bought a potion of resistance for 350 gold pieces
 45844 | Elf:2    | Bought a scroll of fog for 36 gold pieces
 45915 | Elf:2    | Found a runed translucent gate.
 45915 | Elf:2    | Found a runed translucent gate.
 45923 | Elf:2    | Found a runed translucent gate.
 46297 | Elf:2    | Noticed Donald
 46308 | Elf:2    | Killed Donald
 46684 | Elf:3    | Entered Level 3 of the Elven Halls
 46736 | Elf:3    | Noticed Nikola
 46752 | Elf:3    | Killed Nikola
 47120 | Elf:3    | Identified the +6 scimitar of Earthquakes {speed, Int+4}
 47125 | Elf:3    | Reached skill level 15 in Dodging
 47369 | Elf:3    | Identified the +1 robe "Alehotap" {rF- rC+ rCorr}
 47372 | Elf:3    | Identified the ring of Fragile Peace {Fly rF+ Int+4}
 47378 | Elf:3    | Found the +6 Majin-Bo {vamp, MP+6 Int+6}
 47382 | Elf:3    | Identified the ring "Lufytic" {rElec rN+ EV+4 Slay+2}
 47432 | Elf:3    | Identified the +3 hand crossbow "Ituighac" {penet, SInv}
 47722 | Elf:3    | Reached skill level 24 in Invocations
 47871 | Elf:3    | Found an ancient bone altar of Kikubaaqudgha.
 48435 | Slime:1  | Entered Level 1 of the Pits of Slime
 48664 | D:10     | You paid a toll of a +6 demon trident to enter a treasure
                  | trove
 48665 | Trove    | Entered a treasure trove
 48670 | Trove    | Found the +0 pair of fencer's gloves {Riposte Dex+3}
 48672 | Trove    | Identified the +9 flail "Teroc" {freeze, rPois rC+}
 48676 | Trove    | Identified the ring "Teuniggu" {rC+ Stlth+}
 48678 | Trove    | Identified the +1 leather armour "Keymast" {rC+}
 48679 | Trove    | Identified the ring "Ukigesmirif" {Fire rN+}
 48681 | Trove    | Identified the +2 pair of boots of the Evening Star {Harm
                  | *Slow rF+ Dex+2}
 48995 | Slime:2  | Reached XP level 26. HP: 147/213 MP: 39/39
 49654 | D:15     | Bought the ring "Ysekk" {rElec rPois rC- rCorr SInv} for
                  | 477 gold pieces
 49654 | D:15     | Bought the ring "Ihuamnitt" {rF+ Will+ Str+3 Dex-5 Stlth+}
                  | for 543 gold pieces
 49963 | Slime:2  | Found a viscous altar of Jiyva.
 50599 | Slime:1  | Gained mutation: You are occasionally teleported next to
                  | monsters. [a shining eye]
 50809 | Slime:3  | Paralysed by a floating eye for 3 turns
 50823 | Slime:3  | Gained mutation: You are clumsy. (Dex -2) [a shining eye]
 51745 | Slime:5  | Entered Level 5 of the Pits of Slime
 51765 | Slime:5  | Noticed the Royal Jelly
 52188 | Slime:5  | Killed the Royal Jelly
 52372 | Slime:5  | Gained mutation: You sometimes lose the ability to read
                  | scrolls when taking damage. [a shining eye]
 52435 | Slime:5  | Found the +4 robe of Folly {Brilliance Will-∞ Int+8}
 52450 | Slime:5  | Identified the +1 pair of gloves of Bughy {Dex+4}
 52505 | Slime:5  | Identified the ring of the Burgomaster {+Blink rElec rPois
                  | rC+ Int-4}
 52510 | Slime:5  | Identified the +2 acid dragon scales of the Will of the
                  | Gods {rElec Regen+ rCorr}
 52541 | Slime:5  | Identified the amulet of Koqyewyo {Spirit Fly rC+++ Dex-4
                  | Stlth+}
 52542 | Slime:5  | Identified the +5 great sword of Experimentation {vamp,
                  | rElec Int-2 Dex+2}
 52579 | Slime:5  | Got a slimy rune of Zot
 53398 | Geh:1    | Entered Level 1 of Gehenna
 53961 | Zot:1    | Entered Level 1 of the Realm of Zot
 54341 | Zot:1    | Identified the +0 robe "Lotwued" {Dex+5}
 55655 | Zot:2    | Reached skill level 25 in Invocations
 55655 | Zot:2    | Reached XP level 27. HP: 204/222 MP: 14/39
 56536 | Zot:3    | Noticed a juggernaut
 56536 | Zot:3    | a Killer Klown changed into a juggernaut
 56543 | Zot:3    | Killed a juggernaut
 57668 | Zot:4    | Noticed an orb of fire
 57685 | Zot:4    | Gained mutation: You are weak. (Str -2) [an orb of fire]
 57695 | Zot:4    | Killed an orb of fire
 58228 | Zot:4    | Identified the +1 helmet of the Villain {Slay+2}
 58231 | Zot:4    | Got Maly's Catalogue of Flamy Flight
 58393 | Zot:5    | Entered Level 5 of the Realm of Zot
 58601 | Zot:5    | Noticed an orb of fire
 58607 | Zot:5    | Noticed an ancient lich
 58609 | Zot:5    | Killed an ancient lich
 58611 | Zot:5    | Noticed an orb of fire
 58624 | Zot:5    | Killed an orb of fire
 58624 | Zot:5    | Noticed a dread lich
 58628 | Zot:5    | Killed a dread lich
 58628 | Zot:5    | Noticed an ancient lich
 58641 | Zot:5    | Killed an ancient lich
 58646 | Zot:5    | Gained mutation: You are sometimes teleported next to
                  | monsters. [an orb of fire]
 58655 | Zot:5    | Gained mutation: You are dopey. (Int -2) [an orb of fire]
 58657 | Zot:5    | Killed an orb of fire
 58657 | Zot:5    | Noticed an orb of fire
 58658 | Zot:5    | Noticed an orb of fire
 58662 | Zot:5    | Lost mutation: You are weak. (Str -2) [an orb of fire]
 58662 | Zot:5    | Gained mutation: You have hidden genetic defects. [an orb
                  | of fire]
 58670 | Zot:5    | Killed an orb of fire
 58674 | Zot:5    | Gained mutation: You are very clumsy. (Dex -4) [an orb of
                  | fire]
 58675 | Zot:5    | Gained mutation: Your magical capacity is low. (-10% MP)
                  | [an orb of fire]
 58676 | Zot:5    | Killed an orb of fire
 58677 | Zot:5    | Noticed an orb of fire
 58680 | Zot:5    | Gained mutation: Your body sometimes deteriorates upon
                  | taking damage. [an orb of fire]
 58688 | Zot:5    | Killed an orb of fire
 59007 | Zot:5    | Gained mutation: Armour fits poorly on your strangely
                  | shaped body. [hidden defects]
 59011 | Zot:5    | Noticed a dread lich
 59017 | Zot:5    | Killed a dread lich
 59030 | Zot:5    | Reached skill level 26 in Invocations
 59515 | Zot:5    | Got the Orb of Zot
 59705 | Zot:2    | Noticed a seraph
 59719 | Zot:2    | Killed a seraph
 59831 | Depths:4 | Noticed Usiabeig the pandemonium lord
 59843 | Depths:4 | Killed Usiabeig the pandemonium lord
 59918 | Depths:1 | Noticed Nyzim the pandemonium lord
 59933 | Depths:1 | Killed Nyzim the pandemonium lord
 59983 | Depths:1 | Noticed Keckoyts the pandemonium lord
 59992 | Depths:1 | Killed Keckoyts the pandemonium lord
 59997 | Depths:1 | Gained mutation: You occasionally shout uncontrollably at
                  | your foes. [hidden defects]
 59997 | Depths:1 | Lost mutation: You have hidden genetic defects. [hidden
                  | defects expressed]
 60001 | Depths:1 | Noticed Qypowk the pandemonium lord
 60017 | Depths:1 | Killed Qypowk the pandemonium lord
 60048 | D:15     | Noticed Qyefarch the pandemonium lord
 60073 | D:15     | Killed Qyefarch the pandemonium lord
 60616 | D:$      | Escaped with the Orb!

Illustrated notes

Levels and vault maps discovered:
D:1:      ebering_trefoil_3fold, layout_loops_ring
D:2:      layout_basic, uniq_jessica, uniq_terence, uniq_robin
D:3:      layout_basic, makhleb_altar_promises_db,
          mainiacjoe_overflow_large_starburst,
          hellmonk_ecumenical_altar_leap_of_faith, uniq_grinder
D:4:      minmay_recursive_quarters, layout_cave_pools,
          minmay_temple_entry_glassed_door, serial_park_tiny_1, st_stairs_2
D:5:      layout_basic, fedhas_altar_3, gammafunk_temple_overflow_statue,
          uniq_prince_ribbit1, uniq_sigmund
D:6:      kennysheep_steamy, layout_loops_ring, grunt_gozag_breadcrumbs
D:7:      layout_cave_pools, grunt_dithmenos_smoke_and_mirrors,
          minmay_misc_feat_tower, uniq_pikel
D:8:      layout_cave_pods, nicolae_overflow_crystal_walls, doesnt_xom_only_xom,
          serial_column_ruins, column_ruins_columns_corner,
          column_ruins_columns_corner, column_ruins_grid_3, column_ruins_grid_4
D:9:      layout_rooms
D:10:     wad_cavern_with_rooms, layout_irregular_city,
          nicolae_wu_jian_immortal_techniques, zin_statuary,
          trove_entry_hex_spiral
D:11:     layout_small_grid, due_lair_maze_entry_diamond, orc_0_dummy,
          st_stairs_11
D:12:     layout_basic, minivault_5
D:13:     layout_basic, skrybe_vaults_entry_preservation
D:14:     layout_loops_corners, minmay_curled_crystal, feat_on_display
D:15:     grunt_enter_depths_snipers, layout_basic, gauntlet_entry_generic,
          grunt_decor_mini_mirrors, serial_shops, shop_coins,
          nicolae_diamond_shop, shop, nicolae_shop_crystal
Temple:   compressed_dpeg_circular_temple
Lair:1:   layout_hall_layers, gammafunk_ghost_split,
          nicolae_volcano_entry_s_turn, uniq_fannar
Lair:2:   layout_gridlike, elwin_shoals_entry_rooms, special_room
          [special_room_bee], serial_bayou_shore_b
Lair:3:   layout_chaotic_city, chequers_serial_rivers_micro_e,
          serial_bayou_pond_d, minmay_shattered_shrine, lemuel_fruit_fields
Lair:4:   nzn_winding_woodlands_three_and_one
          [nzn_winding_woodlands_5x15_longhouse,
          nzn_winding_woodlands_5x15_pool, nzn_winding_woodlands_5x15_jagged,
          nzn_winding_woodlands_center_lodge], layout_regular_city,
          dummy_snake_entry
Lair:5:   layout_misc_corridors, serial_bayou_pond_b, minmay_lindwurm_lava
Lair:6:   hangedman_lair_caniforms_friends, layout_small_grid,
          nicolae_slime_entry_slimehenge, grunt_megastairs_4, lemuel_fruit_tree,
          uniq_kirke
Shoals:1: layout_shoals, nicolae_shoals_stone_sculpture_thing, uniq_mlioglotl
Shoals:2: layout_shoals, minmay_shop_mayhem, uniq_louise, uniq_ilsuiw
Shoals:3: layout_shoals
Shoals:4: shoals_end_hellmonk_storm_palace [storm_palace_center_square,
          storm_palace_corner_grid, storm_palace_corner_reverse_hut,
          storm_palace_corner_grid, storm_palace_corner_grid]
Snake:1:  layout_misc_corridors, serial_bayou_pond_a
Snake:2:  layout_basic, grunt_megastairs_1, minmay_shop_grove, uniq_aizul
Snake:3:  layout_layer_cave, minmay_shoptagon
Snake:4:  minmay_snake_end_coiled, layout_cave_town,
          nicolae_snake_gridmaze_zigzag, uniq_vashnia
Slime:1:  layout_caves
Slime:2:  layout_caves, basic_altar
Slime:3:  layout_caves
Slime:4:  layout_caves
Slime:5
Orc:1:    layout_caves
Orc:2:    grunt_orc_cross, layout_diamond_mine, nicolae_shop_gadgets
Elf:1:    layout_onion_city, hangedman_elf_disciples, grunt_megastairs_3,
          uniq_jorgrun
Elf:2:    elven_hall_of_blades_hangedman_original [nicolae_blade_little_rooms],
          layout_geoelf_octagon, minmay_shop_star, uniq_donald
Elf:3:    minmay_elf_hall_hex, layout_geoelf_castle, guppyfry_elf_altar,
          uniq_nikola
Vaults:1: ontoclasm_vaults_gallery, ontoclasm_vaults_tryst, v_misc_27,
          nicolae_vaults_alarming, nicolae_vaults_network_s, v_alt_pattern_6,
          vaults_room_stairs_pillars, ontoclasm_vaults_ring_square, v_misc_22,
          vaults_mumra_hexcomb, vaults_mumra_minichess, layout_vaults_big_room
Vaults:2: nicolae_vaults_mini_display_case, hangedman_vaults_river_flow,
          vaults_dpeg_cross, v_misc_31, nicolae_vaults_circle_grid_a,
          v_alt_pattern_6, ontoclasm_vaults_shuriken, vaults_dpeg_diagonal,
          v_misc_28, vaults_room_ringed_pool, v_misc_24, v_misc_27,
          nicolae_vaults_bisected_slash, layout_vaults_ring, serial_shops,
          shop_statue
Vaults:3: nicolae_vaults_shelves_hall, vaults_room_corners, v_misc_26,
          minmay_crypt_entry_simple_plaza, v_misc_17, nicolae_vaults_little_ls,
          v_misc_28, hangedman_vaults_cutoff, ontoclasm_vaults_ring_square,
          nicolae_vaults_yaktaur_gun_rack, v_alt_pattern_2, v_misc_19,
          grunt_vaults_focal, ontoclasm_vaults_ligature,
          layout_vaults_big_cross, serial_shops,
          nicolae_shop_bloodbath_and_beyond, shop, nicolae_shop_waterfront,
          shop, uniq_boris
Vaults:4: v_rooms_6, nicolae_vaults_c_with_doors, v_alt_pattern_4, v_misc_11,
          nicolae_vaults_ninety_degrees, vaults_dpeg_doors,
          nicolae_vaults_little_squares_6, vaults_room_hallway,
          nicolae_vaults_specimen_jars, v_pattern_5, vaults_room_fours,
          layout_vaults_omnigrid
Vaults:5
Depths:1: layout_gridlike, hellmouth_3, ebering_ghost_reflecting_pool,
          minislime_mu, uniq_asterion
Depths:2: minmay_skeletal_surprise, layout_long_grid, hell_entry,
          grunt_pan_entry_zigzag, hellmonk_ghost_happy_afterlife, special_room
          [special_room_morgue], nrook_mini_vaults, infiniplex_staircase_pool_2
Depths:3: grunt_profane_halls [grunt_profane_temple_geh,
          grunt_profane_temple_dis, grunt_profane_temple_coc,
          grunt_profane_temple_tar, grunt_profane_loot], hell_entry, abyss_entry
Depths:4: evilmike_zot_entry_round, layout_gridlike, enter_ziggurat_d,
          abyss_entry_small_statue_room, hell_entry
Hell
Geh:1:    layout_gehenna_lava_caves, nicolae_hells_hurtin_island
Zot:1:    layout_twisted_circle
Zot:2:    layout_cathedral_of_symmetry, grunt_ministairs_14, zot_minivault_1
Zot:3:    layout_gridlike
Zot:4:    layout_cathedral_of_symmetry, st_large_dragon_hoard_4,
          grunt_megastairs_5
Zot:5:    layout_misc_corridors

Skill      XL: |  1  2  3  4  5  6  7  8  9 10 11 12 13 14 15 16 17 18 19 20 21 22 23 24 25 26 27 |
---------------+----------------------------------------------------------------------------------+-----
Invocations    | 1 2 3 4 5 6 8 9 11 13 15 16 18 19 20 21 22 23 24 25 26 | 26.3
Slings         | 1 2 3 4 5 6 8 9 10 12 13 14 15 16 17 18 19 20 | 20.5
Armour         | 3 4 5 6 7 8 9 10 11 12 13 14 15 16 17 19 21 | 21.0
Dodging        | 1 2 3 4 5 6 7 8 9 10 11 12 13 14 15 17 | 17.2
Shields        | 3 4 5 7 9 10 11 12 | 12.1
Fighting       | 4 5 6 7 8 9 10 11 12 13 14 15 16 17 18 19 20 | 20.7
Maces & Flails | 2 3 4 5 6 7 8 9 10 11 12 13 14 15 16 17 18 | 18.9

Action                   |  1- 3 |  4- 6 |  7- 9 | 10-12 | 13-15 | 16-18 | 19-21 | 22-24 | 25-27 || total
-------------------------+-------+-------+-------+-------+-------+-------+-------+-------+-------++-------
Melee: Flail             |    30 |       |       |       |       |       |       |       |       ||    30
       Headbutt          |     1 |     7 |    40 |     9 |    13 |    10 |   165 |   146 |   373 ||   764
       Morningstar       |       |    32 |   188 |       |       |    21 |   465 |   380 |   932 ||  2018
       Whip              |       |       |       |    34 |    47 |       |       |       |       ||    81
       Unarmed           |       |       |       |       |     3 |       |       |       |       ||     3
 Fire: Hunting sling     |    78 |   194 |   228 |       |       |       |       |       |       ||   500
       Fustibalus        |       |       |    24 |   597 |  1253 |  1375 |  1060 |   502 |  1178 ||  5989
Invok: Elemental Force   |       |       |       |     4 |       |     1 |     2 |     3 |     2 ||    12
       Disaster Area     |       |       |       |       |       |     1 |     6 |     3 |     5 ||    15
Evoke: Wand              |       |       |       |       |       |       |     3 |     1 |       ||     4
  Use: Potion            |       |     1 |       |     2 |     8 |     1 |       |    12 |    18 ||    42
       Scroll            |       |       |    10 |     8 |    13 |     8 |     2 |    10 |    15 ||    66
 Stab: Distracted        |       |       |       |       |       |       |     9 |    17 |    17 ||    43
       Paralysed         |       |       |       |       |       |       |     3 |     4 |     8 ||    15
Armor: Scale mail        |    36 |    74 |    93 |       |       |       |       |       |       ||   203
       Steam dragon scal |       |       |    33 |    17 |       |       |       |       |       ||    50
       Ring mail         |       |       |       |    86 |   168 |   102 |   173 |     1 |       ||   530
       Gold dragon scale |       |       |       |       |       |       |       |   331 |   709 ||  1040
Dodge: Dodged            |    42 |   130 |   267 |   197 |   334 |   344 |   479 |   324 |   798 ||  2915
       Repelled          |       |       |       |       |     6 |    27 |    18 |    12 |    56 ||   119
Block: Buckler           |    10 |    52 |   123 |   159 |   426 |   397 |       |       |       ||  1167
       Other             |       |       |       |       |     2 |       |       |       |       ||     2
       Kite shield       |       |       |       |       |       |   105 |   996 |   706 |  1495 ||  3302
       Reflection        |       |       |       |       |       |       |       |       |    23 ||    23
       Rpst.: Morningstar |       |       |       |       |       |       |       |       |    76 ||    76

Table legend: (Time is in decaauts)
 A = Elapsed time spent in this place.
 B = Non-inter-level travel time spent in this place.
 C = Inter-level travel time spent in this place.
 D = Time resting spent in this place.
 E = Time spent auto-exploring this place.
 F = Levels seen in this place.
 G = Mean time per level.
                   A        B        C        D        E       F      G
               +--------+--------+--------+--------+--------+-----+--------+
         Total |  59822 |  53051 |   6771 |   1353 |  37527 |  59 | 1013.9 |
       Dungeon |  17495 |  14685 |   2810 |    504 |  10371 |  15 | 1166.3 |
        Temple |    105 |     96 |      9 |      0 |     64 |   1 |  105.0 |
          Lair |   7086 |   5666 |   1420 |      0 |   4566 |   6 | 1181.0 |
        Shoals |   3838 |   3447 |    391 |     48 |   2473 |   4 |  959.5 |
     Snake Pit |   3730 |   3443 |    287 |      0 |   2672 |   4 |  932.5 |
    Slime Pits |   3274 |   3189 |     85 |    498 |   1969 |   5 |  654.8 |
  Orcish Mines |   1159 |    916 |    243 |      0 |    637 |   2 |  579.5 |
   Elven Halls |   3551 |   3381 |    170 |     12 |   2391 |   3 | 1183.7 |
        Vaults |   7126 |   6613 |    513 |    103 |   4692 |   5 | 1425.2 |
        Depths |   4644 |   4138 |    506 |     14 |   2547 |   4 | 1161.0 |
          Hell |   1119 |   1059 |     60 |     73 |    727 |   1 | 1119.0 |
       Gehenna |     19 |     19 |      0 |      0 |      0 |   1 |   19.0 |
           Zot |   5711 |   5438 |    273 |     56 |   4182 |   5 | 1142.2 |
         Trove |     65 |     65 |      0 |      0 |      0 |   1 |   65.0 |
       Volcano |    334 |    334 |      0 |      0 |    118 |   1 |  334.0 |
      Gauntlet |    562 |    562 |      0 |     43 |    115 |   1 |  562.0 |
               +--------+--------+--------+--------+--------+-----+--------+

Top non-repeatable levels by time:
Depths:1: 1716 daAuts
    D:15: 1700 daAuts
    D:12: 1649 daAuts
Vaults:4: 1633 daAuts
   Zot:2: 1574 daAuts
Vaults:3: 1567 daAuts
    D:13: 1516 daAuts
  Lair:2: 1511 daAuts
  Lair:6: 1503 daAuts
   Elf:3: 1458 daAuts
Vaults:2: 1448 daAuts
   Zot:4: 1392 daAuts
Vaults:1: 1361 daAuts
    D:10: 1358 daAuts
  Lair:1: 1345 daAuts
